 Dungeon Crawl Stone Soup version 0.29.0-4-gdea44cf6ec (webtiles) character file.

Game seed: 9466784764541057837

6918 subsume the Arsonist (level 11, 0/97 HPs)
             Began as a Meteoran Cinder Acolyte on Aug 25, 2022.
             Was a Believer of Ignis.
             Slain by a death yak (13 damage)
             ... on level 8 of the Dungeon on Aug 27, 2022.
             The game lasted 01:26:24 (5233 turns).

subsume the Arsonist (Meteoran Cinder Acolyte)      Turns: 5233, Time: 01:26:25

Health: 0/97       AC: 17    Str: 23 (24) XL:     11   Next: 51%
Magic:  17/25      EV: 17    Int: 20 (22) God:    Ignis [**....]
Gold:   483        SH:  0    Dex:  9 (11) Spells: 19/28 levels left

rFire   + . .      SeeInvis +   R - +9 rapier of the Thieving Gods {flame, Int+5 SInv}
rCold   . . .      Faith    .   (no shield)
rNeg    . . .      Spirit   .   G - +1 steam dragon scales
rPois   .          Reflect  .   (no helmet)
rElec   .          Harm     .   m - +0 cloak
rCorr   .          Rampage  .   u - +0 pair of gloves
Will    +....                   T - +1 pair of boots "Guliepp" {Regen+}
Stlth   +.........              j - amulet of regeneration
HPRegen 1.86/turn               s - +4 ring of evasion
MPRegen 0.19/turn               I - +6 ring of strength

@: mighty, fiery-armoured, glowing
A: sense surroundings 2, otherworldly, glowing, explore regen
a: Renounce Religion, Fiery Armour, Foxfire Swarm, Rising Flame


You were on level 8 of the Dungeon.
You worshipped Ignis.
Ignis was pleased with you.
You visited 1 branch of the dungeon, and saw 9 of its levels.

You collected 573 gold pieces.
You spent 90 gold pieces at shops.

Inventory:

Hand Weapons
 a - a -1 spear of flaming
 e - a +1 dagger of speed
 k - a +2 short sword of protection
 F - a +4 dire flail of holy wrath
 H - a +0 antimagic trident
 N - a +5 war axe
 R - the +9 rapier of the Thieving Gods (weapon) {flame, Int+5 SInv}
   (You found it on level 9 of the Dungeon)

   It burns those it strikes, dealing additional fire damage.
   Int:       It affects your intelligence (+5).
   SInv:      It lets you see invisible.
Missiles
 h - 26 poisoned darts (quivered)
Armour
 b - a +0 robe
 m - a +0 cloak (worn)
 n - a +0 pair of boots
 u - a +0 pair of gloves (worn)
 y - a +0 chain mail
 G - +1 steam dragon scales (worn)
 T - the +1 pair of boots "Guliepp" (worn) {Regen+}
   (You found it on level 9 of the Dungeon)

   Regen:     It increases your rate of health regeneration.
Magical Staves
 r - a staff of conjuration
 w - a staff of cold
Jewellery
 d - an amulet of guardian spirit
 j - an amulet of regeneration (around neck)
 q - an amulet of regeneration
 s - a +4 ring of evasion (left hand)
 C - a +4 ring of evasion
 I - a +6 ring of strength (right hand)
 U - a ring of positive energy
Wands
 K - a wand of iceblast (1)
Scrolls
 f - a scroll of identify
 g - 4 scrolls of fog
 i - a scroll of fear
 l - a scroll of noise {unknown}
 t - a scroll of torment {unknown}
 v - a scroll of immolation {unknown}
 x - a scroll of silence
 z - 2 scrolls of teleportation {unknown}
 D - 2 scrolls of vulnerability
 E - a scroll of amnesia
 P - 2 scrolls of blinking {unknown}
 Q - a scroll of poison {unknown}
 S - a scroll of enchant armour
Potions
 c - 5 potions of curing
 o - 7 potions of attraction
 p - a potion of invisibility {unknown}
 A - a potion of brilliance
 B - a potion of magic {unknown}
 J - a potion of degeneration
 L - a potion of might
 M - a potion of haste {unknown}
 O - a potion of mutation {unknown}


   Skills:
 - Level 9.0 Fighting
 + Level 4.6 Short Blades
 - Level 7.0 Maces & Flails
 - Level 7.5 Polearms
 - Level 5.2 Dodging
 + Level 9.3 Spellcasting
 - Level 0.6 Necromancy
 - Level 10.0 Fire Magic


You had 19 spell levels left.
You knew the following spells:

 Your Spells              Type           Power      Damage    Failure   Level
a - Scorch                Fire           98%        2d10      1%          2
b - Necrotise             Necr           44%        1d6       6%          1
c - Searing Ray           Conj           18%        2d5       12%         2
d - Sticky Flame          Conj/Fire      29%        2d5       10%         4

Your spell library contained the following spells:

 Spells                   Type           Power      Damage    Failure   Level
 Magic Dart               Conj           36%        1d4       8%          1
 Poisonous Vapours        Pois/Air       18%        N/A       12%         2
 Static Discharge         Conj/Air       9%         3-5/arc   12%         2
 Vampiric Draining        Necr           11%        2d6       17%         3
 Call Canine Familiar     Summ           9%         N/A       22%         3
 Portal Projectile        Hex/Tloc       18%        N/A       22%         3
 Dispel Undead            Necr           11%        3d9       50%         4
 Corpse Rot               Necr/Pois/Air  10%        N/A       56%         4
 Airstrike                Air            4%         2d(1-17)  58%         4
 Fulminant Prism          Conj/Hex       4%         3d6       58%         4
 Leda's Liquefaction      Hex/Erth       4%         N/A       58%         4
 Summon Lightning Spire   Summ/Air       9%         N/A       58%         4
 Agony                    Necr           11%        N/A       85%         5
 Lightning Bolt           Conj/Air       4%         1d16      91%         5


Dungeon Overview and Level Annotations

Branches:
Dungeon (9/15) Zot: 217    Temple (0/1) D:6            Lair (0/5) D:9
    Orc: D:9-12

Altars:
Ru
Zin

Shops:
D:5 :

Annotations:
D:7 2 runed translucent doors, blobycou's ghost, novice DsFi
D:8 5 transporters, Godmorgon's ghost, novice GnWn


Innate Abilities, Weirdness & Mutations

You passively map the area around you.
You are easily found by Zot.
You glow in the dark.
You regain HP and MP as you explore.


Message History

You kill the death yak!
The death yak gores you.
* * * LOW HITPOINT WARNING * * *
Your Short Blades skill increases to level 4!
Your Spellcasting skill increases to level 9!
It was a potion of degeneration.
There was something very wrong with that liquid.
You feel weakened.
You feel dopey.
You feel clumsy.
The death yak gores you but does no damage.
The death yak is burned by your cloak of flames.
The death yak is lightly wounded.
It was a potion of might.
You feel very mighty all of a sudden. The death yak misses you.
You puncture the death yak! You burn the death yak!
The death yak is heavily wounded.
The death yak gores you but does no damage.
The death yak is burned by your cloak of flames.
The death yak is heavily wounded.
Casting: Scorch (safe; 1% risk of failure)
Confirm with . or Enter, or press ? or * to list all spells.
Flames lash the death yak.
The death yak is heavily wounded.
The death yak's fire resistance burns away.
The death yak gores you but does no damage.
You hit the death yak but do no damage.
The death yak is heavily wounded.
The death yak gores you!
* * * LOW HITPOINT WARNING * * *
The death yak is burned terribly!
The death yak is burned by your cloak of flames.
The death yak is heavily wounded.
You hit the death yak. You burn the death yak.
The death yak is severely wounded.
The death yak gores you!
* * * LOW HITPOINT WARNING * * *
You hit the death yak but do no damage.
The death yak is severely wounded.
The death yak gores you!
You die...

#.....# #.#
#.#...# #.#
#.##### #.# #.#
#####.# #.#
#...).# #.#
#.##### #.# #.#
#.# #.# #@#
######.# #Y#
#......# # #.#
#.###### # #.# #.#
### #.# #.# #..
#.###.##########.#
#..#..............
##.#.#####.#####.#
######.#.# #.# #..


You could see a death yak (combustible).

Vanquished Creatures
  2 two-headed ogres
  A death yak (D:8)
  Joseph (D:7)
  Prince Ribbit (D:6)
  2 wyverns
  A shadow (D:9)
  A wraith (D:9)
  3 yaks (D:8)
  A steam dragon (D:6)
  Edmund (D:6)
  A water moccasin (D:5)
  4 orc warriors
  A black bear (D:5)
  3 ogres
  2 centaurs
  A phantom (D:7)
  A kobold brigand (D:9)
  A necrophage (D:4)
  Blork the orc (D:5)
  2 bullfrogs
  A gnoll sergeant (D:9)
  2 scorpions
  9 wights
  4 killer bees (D:9)
  A howler monkey (D:4)
  6 hounds
  A gnoll bouda (D:6)
  4 orc priests
  6 iguanas
  12 orc wizards
  2 hell rats (D:9)
  18 gnolls
  5 adders
  2 river rats (D:9)
  A white imp (D:7)
  An ufetubus (D:5)
  4 worms
  2 dart slugs
  18 orcs
  9 endoplasms
  3 giant cockroaches
  8 goblins
  6 hobgoblins
  4 jackals (D:2)
  14 kobolds
  2 quokkas
  8 ball pythons
  2 frilled lizards
  8 rats
194 creatures vanquished.

Vanquished Creatures (others)
  17 foxfires (D:6)
  A fungus (D:1)
  3 plants
21 creatures vanquished.

Grand Total: 215 creatures vanquished

Notes
Turn   | Place    | Note
-------+----------+-------------------------------------------
     0 | D:1      | subsume the Meteoran Cinder Acolyte began the quest for the
                  | Orb.
     0 | D:1      | Reached XP level 1. HP: 19/19 MP: 3/3
    98 | D:1      | Reached XP level 2. HP: 22/26 MP: 5/5
   154 | D:1      | Learned a level 2 spell: Scorch
   173 | D:1      | Reached XP level 3. HP: 25/31 MP: 6/6
   222 | D:1      | Found a faded altar of an unknown god.
   506 | D:1      | Glimpsed the power of Zot.
   576 | D:2      | Reached skill level 4 in Fire Magic
   578 | D:2      | Reached XP level 4. HP: 30/38 MP: 7/7
   628 | D:2      | Learned a level 1 spell: Necrotise
  1043 | D:2      | Reached XP level 5. HP: 45/46 MP: 8/8
  1116 | D:2      | Glimpsed the power of Zot.
  1166 | D:2      | Glimpsed the power of Zot.
  1167 | D:2      | You fall into a shaft and drop 1 floor!
  1437 | D:3      | Upgraded the game from 0.29.0-3-gbb0933ed62 to
                  | 0.29.0-4-gdea44cf6ec
  1466 | D:3      | Reached skill level 5 in Polearms
  1534 | D:3      | Reached skill level 1 in Dodging
  1716 | D:4      | Noticed a centaur
  1726 | D:4      | Reached XP level 6. HP: 52/52 MP: 5/10
  1817 | D:4      | Reached skill level 5 in Fire Magic
  1855 | D:4      | Reached XP level 7. HP: 59/59 MP: 12/12
  2156 | D:4      | Reached XP level 8. HP: 56/67 MP: 13/15
  2209 | D:5      | Entered Level 5 of the Dungeon
  2301 | D:5      | Reached skill level 5 in Spellcasting
  2342 | D:5      | Found Zin's Purification Station.
  2345 | D:5      | Found a glowing silver altar of Zin.
  2378 | D:5      | Noticed Blork the orc
  2395 | D:5      | Killed Blork the orc
  2396 | D:5      | Reached skill level 5 in Fighting
  2425 | D:5      | Reached skill level 6 in Fire Magic
  2443 | D:5      | Bought a potion of curing for 90 gold pieces
  2541 | D:5      | Gained mutation: You passively map the area around you.
                  | [Meteoran growth]
  2541 | D:5      | Reached XP level 9. HP: 27/74 MP: 8/18
  2623 | D:5      | Found Nenlog's Vocational Training.
  2917 | D:6      | Noticed Prince Ribbit
  2925 | D:6      | Killed Prince Ribbit
  2926 | D:6      | Reached skill level 7 in Fire Magic
  2952 | D:6      | Noticed Edmund
  2992 | D:6      | Reached skill level 5 in Dodging
  2995 | D:6      | Killed Edmund
  3126 | D:6      | Found a staircase to the Ecumenical Temple.
  3336 | D:7      | Noticed Joseph
  3353 | D:7      | Reached skill level 1 in Maces & Flails
  3353 | D:7      | Killed Joseph
  3354 | D:7      | Reached skill level 8 in Fire Magic
  3354 | D:7      | Reached XP level 10. HP: 55/86 MP: 4/20
  3622 | D:7      | Learned a level 2 spell: Searing Ray
  3747 | D:7      | Found a large runed translucent door.
  3747 | D:7      | Found a large runed translucent door.
  3748 | D:7      | Noticed blobycou's ghost (novice DsFi)
  3989 | D:8      | Noticed a two-headed ogre
  3996 | D:8      | HP: 2/132 [two-headed ogre/+0 giant club (8)]
  3996 | D:8      | Killed a two-headed ogre
  3997 | D:8      | Reached skill level 5 in Maces & Flails
  3997 | D:8      | Reached skill level 9 in Fire Magic
  4214 | D:8      | Noticed a moth of wrath
  4219 | D:8      | Found a transporter.
  4219 | D:8      | Noticed Godmorgon's ghost (novice GnWn)
  4235 | D:8      | Noticed a five-headed hydra
  4243 | D:8      | Found a transporter.
  4372 | D:8      | Found a sacrificial altar of Ru.
  4426 | D:8      | Reached XP level 11. HP: 83/95 MP: 16/23
  4429 | D:8      | Found a transporter.
  4431 | D:8      | Found a transporter.
  4435 | D:8      | Found a transporter.
  4452 | D:8      | Found a transporter.
  4645 | D:9      | Identified the +9 rapier of the Thieving Gods {flame, Int+5
                  | SInv}
  4661 | D:9      | Noticed a two-headed ogre
  4673 | D:9      | Killed a two-headed ogre
  4674 | D:9      | Reached skill level 1 in Short Blades
  4674 | D:9      | Reached skill level 10 in Fire Magic
  4822 | D:9      | Learned a level 4 spell: Sticky Flame
  4984 | D:9      | Identified the +1 pair of boots "Guliepp" {Regen+}
  5117 | D:9      | Found a staircase to the Lair.
  5201 | D:9      | Noticed a death yak
  5203 | D:9      | Noticed a death yak
  5213 | D:9      | Noticed a death yak
  5226 | D:8      | Killed a death yak
  5233 | D:8      | Slain by a death yak

Illustrated notes

Levels and vault maps discovered:
D:1:      heliophobic_arrival_glass_houses, layout_rooms,
          shapermc_ecumenical_altar_petra
D:2:      minmay_skewed_foursquare, layout_basic, kennysheep_donut,
          minmay_misc_feat_square, minmay_circle_x
D:3:      layout_basic, chequers_serial_rivers_small_b,
          kennysheep_generic_room_10
D:4:      layout_basic
D:5:      layout_rooms, zin_purify, minmay_misc_feat_plants,
          nicolae_shop_vocational, uniq_blork_the_orc
D:6:      layout_cave_pools, minmay_temple_entry_enclosed_plants, uniq_edmund,
          uniq_prince_ribbit1
D:7:      layout_loops_ring, ebering_ghost_disaster_area, uniq_joseph
D:8:      layout_loops_ring, mainiacjoe_overflow_concentric_impassable,
          gammafunk_ghost_berserking_beasts, nicolae_transporter_circle
D:9:      layout_basic, dpeg_lair_monsters, eino_tiny_chamber,
          chequers_arboretum, billiards_dpeg

Skill      XL: |  1  2  3  4  5  6  7  8  9 10 11 |
---------------+----------------------------------+-----
Polearms       | 4 5 6 7 |  7.5
Fire Magic     | 4 5 6 8 9 10 | 10.0
Fighting       | 4 5 7 8 9 |  9.0
Dodging        | 1 3 4 5 |  5.2
Spellcasting   | 2 3 4 5 6 7 9 |  9.3
Maces & Flails | 2 6 7 |  7.0
Short Blades   | 4 |  4.6
Necromancy     | |  0.6

Action                   |  1- 3 |  4- 6 |  7- 9 | 10-12 || total
-------------------------+-------+-------+-------+-------++-------
Melee: Spear             |    80 |   152 |   218 |       ||   450
       Punch             |       |       |     2 |     1 ||     3
       Dire flail        |       |       |    15 |    97 ||   112
       Rapier            |       |       |       |    56 ||    56
 Cast: Scorch            |       |    23 |    70 |    68 ||   161
       Necrotise         |       |     1 |     4 |       ||     5
       Sticky Flame      |       |       |       |     1 ||     1
Invok: Fiery Armour      |     1 |     1 |     2 |     4 ||     8
       Foxfire Swarm     |       |       |     1 |       ||     1
  Use: Potion            |     1 |       |     1 |     4 ||     6
       Scroll            |       |     2 |     4 |     6 ||    12
Armor: Robe              |    10 |    35 |    36 |       ||    81
       Steam dragon scal |       |       |     4 |    67 ||    71
Dodge: Dodged            |    20 |    62 |   168 |   183 ||   433
